Map: Cerulean Fall LE

Players

Lambo - Winner!

  • Race: Zerg Zerg
  • League: Grandmaster
  • Spawn Location: 7:00

lIlIlIlIlIlI

  • Race: Terran Terran
  • League: Master
  • Spawn Location: 1:00

VOD

Have the link to the VOD?

Description

Time

  • Played on: Dec. 5, 2018, 1:39 p.m.
  • Length: 11:56
Show
View Real Time Build Order
Export as new Build Order

Lambo Zerg - Winner!

Build Orders: Hatch First 

Get SALT Encoding   

  12  0:00  Drone  
  13  0:13  Overlord  
  13  0:17  Drone  
  14  0:31  Drone x2  
  16  0:48  Hatchery  
  15  0:51  Drone  
  15  0:55  Drone  
  17  0:58  Drone  
  18  1:09  Extractor  
  17  1:13  Spawning Pool  
  17  1:17  Drone  
  17  1:20  Drone  
  18  1:29  Drone  
  19  1:39  Drone  
  20  1:53  Drone  
  21  2:00  Queen x2  
  25  2:02  Zergling x4  
  27  2:15  Zergling x4  
  26  2:25  Zergling x4  
  26  2:50  Zergling x2  
  24  2:59  Zergling x2  
  24  3:03  Drone  
  25  3:08  Drone  
  26  3:15  Overlord  
  26  3:25  Spine Crawler  
  25  3:31  Overlord  
  25  3:32  Drone  
  26  3:38  Zergling x4  
  28  3:43  Zergling x2  
  29  3:48  Zergling x4  
  29  3:53  Spine Crawler  
  23  4:04  Drone  
  23  4:08  Drone  
  25  4:15  Drone  
  26  4:19  Drone  
  28  4:24  Drone  
  28  4:28  Drone x2  
  31  4:33  Drone x2  
  31  4:37  Drone  
  34  4:45  Metabolic Boost  
  34  4:49  Drone x2  
  36  5:02  Overlord  
  35  5:09  Overlord  
  35  5:12  Baneling Nest, Drone  
  35  5:14  Overlord  
  35  5:21  Drone x2  
  37  5:22  Drone  
  37  5:25  Drone  
  39  5:29  Drone  
  39  5:30  Drone  
  41  5:37  Drone x2  
  43  5:50  Hatchery  
  43  5:52  Drone  
  43  5:55  Drone  
  44  5:57  Drone  
  44  5:59  Drone  
  46  6:05  Drone x4  
  46  6:11  Drone x2  
  52  6:13  Drone  
  52  6:14  Extractor  
  52  6:17  Evolution Chamber  
  51  6:20  Drone  
  52  6:26  Drone  
  52  6:27  Overlord  
  52  6:28  Drone x2  
  55  6:33  Drone  
  55  6:35  Queen  
  55  6:37  Drone  
  55  6:39  Overlord  
  59  6:41  Zergling x2  
  59  6:48  Zerg Ground Armor Level 1  
  59  6:51  Lair  
  60  6:54  Zergling x2  
  60  6:59  Drone  
  60  7:07  Drone x7  
  65  7:09  Queen  
  65  7:10  Drone  
  65  7:13  Drone x2  
  70  7:18  Drone x3  
  70  7:19  Drone  
  74  7:23  Queen  
  74  7:26  Extractor  
  74  7:28  Extractor  
  74  7:30  Zergling x6  
  74  7:34  Zergling x4  
  79  7:38  Spore Crawler  
  79  7:39  Spore Crawler  
  79  7:43  Zergling x12  
  80  7:48  Spore Crawler  
  77  7:53  Overseer  
  77  7:54  Drone x4  
  78  8:10  Centrifical Hooks  
  78  8:15  Evolution Chamber  
  77  8:23  Drone x3  
  77  8:24  Drone x2  
  82  8:28  Overlord x2  
  82  8:29  Overlord  
  82  8:30  Evolution Chamber  
  82  8:32  Overlord  
  80  8:35  Baneling x8  
  80  8:36  Overlord  
  80  8:37  Hatchery  
  80  8:41  Zergling x4  
  80  8:42  Baneling x2  
  80  8:46  Zergling x14  
  80  8:47  Baneling x2  
  88  8:50  Zergling x6  
  88  8:54  Baneling x6  
  91  8:57  Zerg Melee Weapons Level 1  
  91  8:59  Zergling x4  
  91  9:02  Zergling x6  
  96  9:05  Zergling x4  
  96  9:08  Zergling x4  
  98  9:17  Zergling x8  
  97  9:28  Zergling x10  
  98  9:37  Zerg Ground Armor Level 2  
  94  9:40  Zergling x2  
  94  9:41  Zergling x16  
  94  9:43  Zergling x2  
  94  9:44  Baneling  
  94  9:45  Baneling x3  
  104  9:50  Zergling x4  
  103  9:55  Zergling x4  
  103  9:57  Queen  
  103  9:59  Zergling x2  
  108  10:01  Zergling x2  
  108  10:03  Baneling x6  
  108  10:05  Zergling x4  
  108  10:06  Baneling x2  
  111  10:10  Zergling x14  
  118  10:15  Zergling x8  
  119  10:23  Zergling x6  
  119  10:27  Drone  
  120  10:32  Drone x2, Hydralisk Den, Extractor  
  120  10:33  Queen  
  120  10:34  Drone  
  122  10:38  Drone x3  
  122  10:42  Drone x8  
  121  10:56  Overlord  
  105  11:06  Overlord  
  105  11:09  Overlord  
  105  11:13  Queen  
  105  11:17  Overlord  
  107  11:19  Baneling x11  
  107  11:21  Hydralisk x5, Zergling x2  
  107  11:24  Zergling x12  
  124  11:28  Hydralisk x2  
  128  11:33  Drone x3  
  128  11:36  Baneling x2  
Show
View Real Time Build Order
Export as new Build Order

lIlIlIlIlIlI Terran 

Build Orders:  

Get SALT Encoding   

  12  0:00  SCV  
  14  0:15  Supply Depot  
  14  0:18  SCV  
  14  0:37  Barracks  
  14  0:50  Barracks  
  14  1:03  Barracks  
  14  1:08  SCV  
  15  1:24  Marine  
  16  1:27  Orbital Command  
  16  1:37  Bunker  
  16  1:41  Marine  
  16  1:45  Marine  
  18  1:51  Marine  
  19  2:01  Supply Depot  
  19  2:09  Bunker  
  19  2:10  SCV  
  20  2:16  Marine  
  21  2:22  SCV  
  21  2:25  Marine x2  
  23  2:34  SCV  
  23  2:36  Marine  
  24  2:43  Marine  
  24  2:46  Marine  
  24  2:47  SCV  
  24  2:49  Refinery  
  23  3:00  Marine  
  23  3:01  Marine  
  23  3:02  SCV  
  23  3:06  Marine  
  24  3:14  SCV  
  24  3:18  Marine  
  24  3:19  Marine  
  27  3:24  Marine  
  27  3:26  Supply Depot, SCV  
  29  3:36  Marine x2  
  31  3:47  Marine  
  31  3:48  SCV  
  32  3:54  Marine x2  
  31  4:00  SCV  
  25  4:07  Factory  
  25  4:13  SCV  
  26  4:25  SCV  
  27  4:33  Command Center  
  27  4:38  SCV  
  28  4:39  Refinery  
  28  4:50  SCV  
  29  4:53  Factory Reactor  
  29  4:55  Starport  
  29  5:02  SCV  
  30  5:14  SCV  
  31  5:22  Barracks  
  31  5:25  Barracks Tech Lab  
  31  5:26  SCV  
  32  5:30  Hellion x2  
  32  5:35  Starport Tech Lab  
  36  5:38  SCV  
  37  5:43  Barracks Reactor  
  37  5:46  Stimpack, Orbital Command  
  37  5:50  SCV  
  38  5:57  Cloaking Field  
  38  6:00  Hellion  
  38  6:03  SCV  
  41  6:04  Orbital Command  
  41  6:07  Hellion  
  43  6:13  Banshee  
  43  6:16  SCV  
  47  6:20  Barracks Reactor  
  47  6:21  Marine  
  48  6:31  SCV  
  48  6:32  Refinery, Supply Depot  
  49  6:35  Marine  
  49  6:38  SCV  
  51  6:42  Marine  
  51  6:44  SCV  
  53  6:51  Engineering Bay  
  53  6:53  Supply Depot  
  54  6:54  SCV  
  54  6:56  SCV  
  54  6:57  Supply Depot  
  55  7:08  Marine x2, Banshee  
  54  7:10  Marine x3  
  54  7:11  SCV x2  
  57  7:20  Factory Tech Lab  
  57  7:23  SCV  
  57  7:24  Terran Infantry Weapons Level 1, SCV  
  57  7:26  Marine x2  
  57  7:27  Marine  
  57  7:28  Marine x2  
  64  7:35  Supply Depot x2  
  64  7:36  SCV  
  64  7:37  SCV  
  66  7:52  Combat Shield  
  66  7:57  Medivac x2  
  66  7:58  Marine x4, Marauder  
  74  8:00  Supply Depot  
  74  8:02  Siege Tank  
  79  8:12  SCV x2  
  81  8:16  Marine x3  
  84  8:24  Marine x2  
  83  8:27  Medivac x2  
  87  8:39  Siege Tank  
  87  8:40  Supply Depot  
  87  8:41  Supply Depot  
  90  8:44  Marine  
  90  8:45  Barracks, Marine x2  
  90  8:46  Barracks  
  93  8:57  Marine x2  
  93  9:02  Liberator, Marine  
  96  9:18  Terran Infantry Armor Level 1, Marine  
  96  9:19  Marauder  
  96  9:23  Unknown x2  
  89  9:36  Marine, Siege Tank  
  89  9:37  Barracks Reactor  
  87  9:41  Barracks Reactor  
  87  9:44  Refinery  
  87  9:45  Command Center  
  87  9:56  Marine x3  
  90  10:05  Marine x2  
  92  10:08  Siege Tank  
  92  10:09  Medivac  
  97  10:14  Marine  
  97  10:19  Marine  
  97  10:21  Marine x2  
  95  10:22  Marine  
  95  10:24  Marine  
  97  10:30  SCV  
  97  10:31  Supply Depot  
  98  10:40  Siege Tank  
  98  10:41  Marine  
  98  10:42  Marine  
  99  10:43  Marine  
  99  10:44  Marine  
  99  10:49  Marine x2  
  102  10:52  Marine x2  
  102  10:56  Marine  
  104  10:59  Marine  
  104  11:00  Marine  
  104  11:02  Marine x2  
  96  11:08  Orbital Command  
  96  11:12  Siege Tank  
  102  11:23  Factory  
  102  11:29  Supply Depot  
Tags
 
Add a new tag
Caveats
  • Supply blocks, unpowered buildings, or Contaminate may cause inaccurate times.
  • Supply counts are checked every 10 seconds.